 Dungeon Crawl Stone Soup version 0.32-a0-520-g344ed53f66 (webtiles) character file.

Game seed: 7677011627659892089

1206 BubbleThief the Magician (level 8, -3/57 (61) HPs)
             Began as a Demonspawn Cinder Acolyte on Feb 27, 2024.
             Was an Elder of Ignis.
             Slain by a hell rat (11 damage)
             ... on level 5 of the Dungeon.
             The game lasted 00:06:18 (4715 turns).

BubbleThief the Magician (DsCA)                     Turns: 4715, Time: 00:06:19

HP:   -3/57 (61)    AC: 11    Str: 18    XL:     8   Next: 21%
MP:   4/19          EV: 11    Int: 14    God:    Ignis [****..]
Gold: 211           SH:  0    Dex: 10    Spells: 20/22 levels left

rFire   + + .        a - -1 spear (flame)
rCold   x . .        (no shield)
rNeg    . . .        b - +0 robe
rPois   .            q - +0 helmet
rElec   .            s - +0 cloak
rCorr   .            (no gloves)
SInv    .            (no boots)
Will    +....        (no amulet)
Stlth   ++           e - ring of willpower
HPRegen 0.29/turn    i - ring of fire
MPRegen 0.16/turn

%: no passive effects
@: fiery-armoured, drained
A: hooves 1, thin skeletal structure 1, powered by death 1, spiny 1
a: Renounce Religion, Fiery Armour, Foxfire Swarm, Rising Flame


You were on level 5 of the Dungeon.
You worshipped Ignis.
Ignis was greatly pleased with you.
You visited 1 branch of the dungeon, and saw 5 of its levels.

You collected 211 gold pieces.

Inventory:

Hand Weapons
 a - a -1 spear of flaming (weapon)
Armour
 b - a +0 robe (worn)
 q - a +0 helmet (worn)
 s - a +0 cloak (worn)
Jewellery
 e - a ring of willpower (left hand)
 i - a ring of fire (right hand)
Scrolls
 c - a scroll of brand weapon {unknown}
 d - 2 scrolls of immolation {unknown}
 f - a scroll of teleportation {unknown}
 k - a scroll of poison {unknown}
 l - a scroll of blinking {unknown}
 o - 2 scrolls of vulnerability {unknown}
Potions
 g - a potion of curing {unknown}
 h - 2 potions of magic {unknown}
 j - a potion of ambrosia {unknown}
 m - 2 potions of berserk rage {unknown}
 n - 2 potions of enlightenment {unknown}
 p - 2 potions of brilliance {unknown}
 r - a potion of degeneration {unknown}


   Skills:
 + Level 4.7 Fighting
 + Level 4.2 Polearms
 + Level 7.6 Spellcasting
 - Level 3.0 Fire Magic


You had 20 spell levels left.
You knew the following spells:

 Your Spells              Type           Power      Damage    Failure   Level
a - Scorch                Fire           40%        2d6       6%          2

Your spell library contained the following spells:

 Spells                   Type           Power      Damage    Failure   Level


Dungeon Overview and Level Annotations

Branches:
Dungeon (5/15)
 Temple: D:4-7

Altars:
Xom


Innate Abilities, Weirdness & Mutations

You have large cloven feet.
You have a somewhat thin skeletal structure. (Dex +2, Stealth+)
You regenerate a little health from kills.
You are partially covered in sharp spines.


Message History

A hell rat comes into view.
Casting: Scorch (safe; 6% risk of failure)
Confirm with . or Enter, or press ? or * to list all spells.
You feel a surge of power!
Flames lash the river rat.
The river rat is burned terribly!
You kill the river rat!
The hell rat is struck by your spines. The hell rat bites you!
The hell rat closely misses you.
Casting: Scorch (safe; 6% risk of failure)
Confirm with . or Enter, or press ? or * to list all spells.
You feel a surge of power!
Flames lash the hell rat but do no damage.
The hell rat bites you!
You feel drained.
A river rat comes into view.
Casting: Scorch (safe; 6% risk of failure)
Confirm with . or Enter, or press ? or * to list all spells.
You feel a surge of power!
Flames lash the river rat.
The river rat is moderately wounded.
The river rat's fire resistance burns away.
The hell rat is struck by your spines. The hell rat misses you.
Unknown command.
Casting: Scorch (safe; 6% risk of failure)
Confirm with . or Enter, or press ? or * to list all spells.
You feel a surge of power!
Flames lash the river rat but do no damage.
You hear a loud squeak.
The hell rat is struck by your spines. The hell rat bites you!
* * * LOW HITPOINT WARNING * * *
A hell rat comes into view.
The hell rat roars deafeningly!
Unknown command.
A protective cloak of flame settles atop you.
The hell rat barely misses you.
A river rat comes into view.
Unknown command.
You hit the hell rat. You burn the hell rat. Your kick misses the hell rat.
The hell rat is severely wounded.
The hell rat misses you. The hell rat bites you!
You die...
Ignis goes out, and joins you in death.

##.#.##.######...........
#.##.#.#...#......##~#...
#.###.###..#.#..###≈≈##~.
##.#####.###.....~≈≈≈#≈≈#.
#.###.# . ###..##≈#≈≈≈≈#~
##.##..r .## #..#≈≈≈≈≈≈#≈≈
#.##..rr#..# #..≈≈≈≈≈≈≈≈≈#
#.# #rr#.# #..##≈#≈#≈≈##
#.## #@.# ##.. ≈≈≈≈≈#.
##.# #..# ...# ~≈≈#≈#.
#.## #..# ... ####... ##†#
##†# .(.... #.## ##.#
#.#..# ##.## #.## # #.#
##.####.# .. ##.##.## ..
#.#.## .


You could see 2 hell rats and 3 river rats.

Vanquished Creatures
  Grinder (D:3)
  Sigmund (D:3)
  An ice beast (D:5)
  A black bear (D:5)
  A sky beast (D:4)
  An ogre (D:4)
  3 jellies (D:3)
  Crazy Yiuf (D:3)
  Natasha (twice) (D:3 D:2)
  An iguana (D:4)
  2 orc wizards (D:4)
  Terence (D:2)
  6 adders
  7 river rats (D:5)
  A ribbon worm (D:2)
  5 dart slugs
  4 orcs
  3 bats
  11 endoplasms
  5 giant cockroaches
  5 goblins
  8 hobgoblins
  13 kobolds
  4 quokkas
  8 ball pythons
  2 frilled lizards
  6 rats
104 creatures vanquished.

Notes
Turn   | Place    | Note
-------+----------+-------------------------------------------
     0 | D:1      | BubbleThief the Demonspawn Cinder Acolyte began the quest
                  | for the Orb.
     0 | D:1      | Reached XP level 1. HP: 18/18 MP: 2/2
   147 | D:1      | Gained mutation: You regenerate a little health from kills.
                  | [demonic ancestry]
   147 | D:1      | Reached XP level 2. HP: 8/24 MP: 2/4
   472 | D:1      | Reached skill level 2 in Spellcasting
   754 | D:1      | You fall into a shaft and drop 1 floor!
   803 | D:2      | Reached XP level 3. HP: 9/29 MP: 6/6
   902 | D:2      | Learned a level 2 spell: Scorch
  1081 | D:2      | Reached skill level 3 in Spellcasting
  1173 | D:2      | Found a shimmering altar of Xom.
  1191 | D:2      | Reached XP level 4. HP: 11/35 MP: 0/9
  1871 | D:2      | Noticed Terence
  1882 | D:2      | Killed Terence
  2128 | D:3      | Noticed Natasha
  2130 | D:3      | Killed Natasha
  2131 | D:3      | Reached skill level 4 in Spellcasting
  2331 | D:3      | Reached XP level 5. HP: 40/41 MP: 11/11
  2360 | D:3      | Reached skill level 5 in Spellcasting
  2563 | D:3      | Noticed Natasha
  2564 | D:3      | Noticed Sigmund
  2576 | D:2      | Killed Natasha
  2577 | D:2      | Gained mutation: You have a somewhat thin skeletal
                  | structure. (Dex +2, Stealth+) [demonic ancestry]
  2577 | D:2      | Reached XP level 6. HP: 38/47 MP: 9/14
  2740 | D:3      | Killed Sigmund
  2741 | D:3      | Reached skill level 6 in Spellcasting
  3181 | D:3      | Noticed Grinder
  3187 | D:3      | Killed Grinder
  3188 | D:3      | Gained mutation: You have large cloven feet. [demonic
                  | ancestry]
  3188 | D:3      | Reached XP level 7. HP: 47/52 MP: 3/17
  3343 | D:3      | Found a runed translucent door.
  3344 | D:3      | Noticed Crazy Yiuf
  3353 | D:3      | Killed Crazy Yiuf
  3465 | D:4      | Reached skill level 7 in Spellcasting
  4282 | D:5      | Entered Level 5 of the Dungeon
  4305 | D:5      | Gained mutation: You are partially covered in sharp spines.
                  | [demonic ancestry]
  4305 | D:5      | Reached XP level 8. HP: 56/61 MP: 12/19
  4371 | D:5      | Identified the +10 war axe "Uskaguc" {heavy, *Noise Int+2
                  | Dex+4}
  4715 | D:5      | Slain by a hell rat

Illustrated notes

Levels and vault maps discovered:
D:1:      lemuel_arrival_hallway, layout_basic, minmay_misc_feat_columns,
          serial_bayou_pond_b
D:2:      layout_basic, basic_altar, minmay_3d_cube, uniq_terence
D:3:      cheibrodos_fertilizer, layout_loops_ring, wad_rectangle_vault,
          uniq_crazy_yiuf_cottage, uniq_sigmund, uniq_natasha, uniq_grinder
D:4:      layout_rooms, serial_forest, infiniplex_forest_clump_medium,
          infiniplex_forest_clump_tiny, infiniplex_forest_end_3,
          infiniplex_forest_diagonal, infiniplex_forest_join,
          infiniplex_forest_zigzag_1, st_stairs_13, kennysheep_generic_room_9
D:5:      wander_guarded_unrand_ratskin, layout_basic,
          grunt_temple_overflow_cloverleaf, minivault_4

Skill      XL: |  1  2  3  4  5  6  7  8 |
---------------+-------------------------+-----
Fire Magic     | 3 |  3.0
Spellcasting   | 2 3 4 5 6 7 |  7.6
Polearms       | 3 4 |  4.2
Fighting       | 4 |  4.7

Action                     |  1- 3 |  4- 6 |  7- 9 || total
---------------------------+-------+-------+-------++-------
  Melee: Spear             |    81 |    87 |    48 ||   216
         Kick              |       |       |    10 ||    10
   Cast: Scorch            |     7 |    39 |    44 ||    90
 Invoke: Fiery Armour      |     2 |     2 |     1 ||     5
   Stab: Sleeping          |     2 |     2 |     6 ||    10
 Armour: Robe              |    52 |    50 |    37 ||   139
  Dodge: Dodged            |    48 |    36 |    30 ||   114
         Repelled          |       |     1 |     2 ||     3

Table legend: (Time is in decaauts)
 A = Elapsed time spent in this place.
 B = Non-inter-level travel time spent in this place.
 C = Inter-level travel time spent in this place.
 D = Time resting spent in this place.
 E = Time spent auto-exploring this place.
 F = Levels seen in this place.
 G = Mean time per level.
                   A        B        C        D        E       F      G
               +--------+--------+--------+--------+--------+-----+--------+
         Total |   4704 |   4569 |    135 |     79 |   3821 |   5 |  940.8 |
       Dungeon |   4704 |   4569 |    135 |     79 |   3821 |   5 |  940.8 |
               +--------+--------+--------+--------+--------+-----+--------+

Top non-repeatable levels by time:
     D:2: 1387 daAuts
     D:3: 1303 daAuts
     D:4: 831 daAuts
     D:1: 752 daAuts
     D:5: 429 daAuts
